[ PARTIDA AOE2 · #463039870 ]
1v1 RMEtíopes vs Wei
Equipo del jugador · DERR
Equipo rival · VICT
[ ANÁLISIS DE REPETICIÓN · EXTRAÍDO DE LA PARTIDA GRABADA ]
Feudal
10:09
Castillos
21:31
Imperial
34:31
| APM promedio | 42.6 |
| APM pico | 75 |
| eAPM promedio | 28.2 |
| Aldeanos / militares | 109 / 85 |
Foco
⚔️ 24.9% · 🌾 75.1%
Archer ×63 · Skirmisher ×8 · Mangonel ×6 · Spearman ×5 · Bombard Cannon ×3
Feudal
9:53
Castillos
22:46
Imperial
38:23
| APM promedio | 28.5 |
| APM pico | 72 |
| eAPM promedio | 15.4 |
| Aldeanos / militares | 89 / 67 |
Foco
⚔️ 38.8% · 🌾 61.2%
Skirmisher ×58 · Unknown (1944) ×28 · Unknown (1949) ×15 · Scout Cavalry ×5 · Unknown (1942) ×4 · Militia ×2
Mapa de la partida
Recursos al inicio + cada clic de construcción. Línea gruesa = muro · recuadro discontinuo = muro de casas detectado. 🟡 oro · ⚪ piedra · 🟢 bayas · 🔶 jabalí · ⭕ reliquia
Inputs por minuto
— crewza523 - - veiovis
Build order — crewza523
Primeras 150 de 348 acciones detectadas
| 0:01 | Crear | Villager (Male) |
| 0:03 | Construir | House |
| 0:05 | Construir | House |
| 0:12 | Crear | Villager (Male) |
| 0:15 | Crear | Villager (Male) |
| 0:19 | Crear | Villager (Male) |
| 1:26 | Crear | Villager (Male) |
| 1:46 | Construir | Lumber Camp |
| 2:02 | Crear | Villager (Male) |
| 2:21 | Crear | Villager (Male) |
| 2:57 | Crear | Villager (Male) |
| 3:18 | Crear | Villager (Male) |
| 3:35 | Construir | House |
| 3:37 | Construir | House |
| 3:47 | Crear | Villager (Male) |
| 4:27 | Crear | Villager (Male) |
| 5:00 | Crear | Villager (Male) |
| 5:19 | Crear | Villager (Male) |
| 5:40 | Crear | Villager (Male) |
| 6:14 | Crear | Villager (Male) |
| 6:42 | Crear | Villager (Male) |
| 7:06 | Investigar | Loom |
| 7:14 | Construir | Mill |
| 7:33 | Crear | Villager (Male) |
| 7:59 | Investigar | Feudal Age |
| 8:06 | Construir | Mill |
| 8:49 | Crear | Villager (Male) |
| 9:54 | Construir | Barracks |
| 10:09 | Edad | Edad Feudal |
| 10:13 | Crear | Villager (Male) |
| 10:22 | Construir | House |
| 10:24 | Crear | Villager (Male) |
| 10:31 | Investigar | Double-Bit Axe |
| 10:42 | Construir | Archery Range |
| 10:59 | Crear | Villager (Male) |
| 11:09 | Construir | Mining Camp |
| 11:17 | Construir | Blacksmith |
| 11:35 | Crear | Archer |
| 11:35 | Crear | Archer |
| 11:35 | Crear | Archer |
| 11:43 | Construir | Farm |
| 11:45 | Crear | Villager (Male) |
| 11:51 | Crear | Villager (Male) |
| 11:56 | Construir | House |
| 12:06 | Construir | Farm |
| 12:38 | Construir | House |
| 12:40 | Construir | Palisade Wall |
| 12:42 | Crear | Villager (Male) |
| 12:43 | Crear | Villager (Male) |
| 12:56 | Construir | Building 796 |
| 13:11 | Construir | House |
| 13:12 | Construir | House |
| 13:16 | Construir | Palisade Wall |
| 13:19 | Construir | Palisade Wall |
| 13:21 | Crear | Villager (Male) |
| 13:59 | Crear | Spearman |
| 13:59 | Crear | Villager (Male) |
| 14:06 | Construir | Farm |
| 14:19 | Construir | Farm |
| 14:21 | Crear | Villager (Male) |
| 14:30 | Construir | House |
| 14:53 | Crear | Archer |
| 14:53 | Crear | Archer |
| 14:56 | Construir | Farm |
| 15:08 | Construir | Farm |
| 15:09 | Construir | Farm |
| 15:35 | Crear | Spearman |
| 15:54 | Crear | Villager (Male) |
| 16:00 | Crear | Villager (Male) |
| 16:08 | Construir | Lumber Camp |
| 16:20 | Crear | Villager (Male) |
| 16:28 | Construir | Palisade Wall |
| 16:32 | Construir | Palisade Wall |
| 16:38 | Construir | House |
| 16:39 | Construir | Palisade Wall |
| 16:50 | Construir | Palisade Gate |
| 16:55 | Construir | Farm |
| 16:57 | Construir | Farm |
| 16:59 | Construir | Farm |
| 16:59 | Crear | Villager (Male) |
| 17:16 | Construir | Farm |
| 17:19 | Crear | Spearman |
| 17:38 | Crear | Villager (Male) |
| 17:43 | Construir | Farm |
| 17:56 | Construir | Farm |
| 18:04 | Construir | House |
| 18:06 | Construir | House |
| 18:12 | Crear | Villager (Male) |
| 18:19 | Construir | Farm |
| 18:22 | Construir | Farm |
| 18:23 | Construir | Farm |
| 18:43 | Construir | Farm |
| 18:51 | Investigar | Castle Age |
| 18:51 | Investigar | Castle Age |
| 19:11 | Investigar | Gold Mining |
| 19:13 | Crear | Archer |
| 19:28 | Construir | Palisade Wall |
| 19:40 | Crear | Archer |
| 19:41 | Investigar | Fletching |
| 19:56 | Crear | Archer |
| 20:21 | Crear | Villager (Male) |
| 20:23 | Crear | Archer |
| 20:39 | Construir | House |
| 21:00 | Crear | Archer |
| 21:07 | Crear | Archer |
| 21:25 | Construir | Farm |
| 21:30 | Crear | Archer |
| 21:31 | Edad | Edad de los Castillos |
| 21:34 | Crear | Archer |
| 21:47 | Construir | Town Center |
| 21:53 | Crear | Villager (Male) |
| 21:59 | Investigar | Bow Saw |
| 22:02 | Investigar | Wheelbarrow |
| 22:03 | Crear | Villager (Male) |
| 22:15 | Crear | Archer |
| 22:17 | Investigar | Crossbowman (upgrade) |
| 22:26 | Crear | Villager (Male) |
| 22:34 | Construir | Farm |
| 22:41 | Crear | Archer |
| 22:48 | Construir | University |
| 23:15 | Investigar | Bodkin Arrow |
| 23:33 | Crear | Archer |
| 23:33 | Crear | Villager (Male) |
| 23:48 | Crear | Villager (Male) |
| 23:51 | Crear | Villager (Male) |
| 23:52 | Crear | Villager (Male) |
| 24:04 | Crear | Archer |
| 24:07 | Investigar | Ballistics |
| 24:07 | Investigar | Ballistics |
| 24:26 | Crear | Archer |
| 24:26 | Crear | Villager (Male) |
| 24:38 | Crear | Villager (Male) |
| 24:39 | Crear | Villager (Male) |
| 24:59 | Construir | Town Center |
| 25:08 | Crear | Skirmisher |
| 25:08 | Crear | Skirmisher |
| 25:23 | Crear | Villager (Male) |
| 25:35 | Crear | Villager (Male) |
| 25:37 | Crear | Villager (Male) |
| 25:45 | Construir | Siege Workshop |
| 25:56 | Investigar | Padded Archer Armor |
| 25:56 | Crear | Villager (Male) |
| 25:57 | Crear | Villager (Male) |
| 26:05 | Crear | Villager (Male) |
| 26:06 | Crear | Villager (Male) |
| 26:13 | Crear | Villager (Male) |
| 26:19 | Crear | Mangonel |
| 26:19 | Crear | Mangonel |
| 26:48 | Construir | House |
| 26:51 | Construir | House |
Build order — veiovis
Primeras 150 de 334 acciones detectadas
| 0:01 | Crear | Villager (Male) |
| 0:01 | Crear | Villager (Male) |
| 0:02 | Construir | House |
| 0:04 | Construir | House |
| 0:27 | Crear | Villager (Male) |
| 0:27 | Crear | Villager (Male) |
| 0:27 | Crear | Villager (Male) |
| 1:29 | Crear | Villager (Male) |
| 1:30 | Crear | Villager (Male) |
| 2:05 | Construir | Lumber Camp |
| 2:07 | Crear | Villager (Male) |
| 2:22 | Crear | Villager (Male) |
| 2:22 | Crear | Villager (Male) |
| 2:52 | Crear | Villager (Male) |
| 2:52 | Crear | Villager (Male) |
| 3:01 | Construir | House |
| 3:06 | Construir | House |
| 3:12 | Crear | Villager (Male) |
| 3:13 | Crear | Villager (Male) |
| 3:46 | Crear | Villager (Male) |
| 3:47 | Crear | Villager (Male) |
| 4:14 | Crear | Villager (Male) |
| 4:14 | Crear | Villager (Male) |
| 4:23 | Construir | Mill |
| 5:04 | Crear | Villager (Male) |
| 5:04 | Crear | Villager (Male) |
| 5:04 | Crear | Villager (Male) |
| 5:05 | Crear | Villager (Male) |
| 5:08 | Crear | Villager (Male) |
| 5:09 | Crear | Villager (Male) |
| 6:37 | Crear | Villager (Male) |
| 7:07 | Construir | Lumber Camp |
| 7:18 | Investigar | Loom |
| 7:40 | Investigar | Feudal Age |
| 8:00 | Crear | Villager (Male) |
| 8:00 | Crear | Villager (Male) |
| 8:47 | Construir | Barracks |
| 9:02 | Construir | House |
| 9:11 | Crear | Villager (Male) |
| 9:53 | Edad | Edad Feudal |
| 9:57 | Construir | Stable |
| 10:10 | Investigar | Double-Bit Axe |
| 10:13 | Investigar | Horse Collar |
| 10:32 | Construir | Farm |
| 10:39 | Crear | Villager (Male) |
| 10:46 | Construir | Farm |
| 11:04 | Construir | House |
| 11:06 | Construir | House |
| 11:08 | Crear | Villager (Male) |
| 11:12 | Construir | Farm |
| 11:17 | Construir | Farm |
| 11:21 | Crear | Scout Cavalry |
| 11:21 | Crear | Scout Cavalry |
| 11:38 | Construir | House |
| 11:40 | Construir | House |
| 11:47 | Construir | Palisade Wall |
| 11:52 | Construir | House |
| 11:59 | Crear | Villager (Male) |
| 12:09 | Construir | Farm |
| 12:09 | Construir | Farm |
| 12:09 | Construir | Farm |
| 12:11 | Construir | Farm |
| 12:25 | Construir | Farm |
| 12:26 | Crear | Villager (Male) |
| 12:28 | Crear | Militia |
| 12:35 | Crear | Militia |
| 12:37 | Crear | Villager (Male) |
| 12:47 | Construir | Farm |
| 12:58 | Construir | Building 796 |
| 12:59 | Crear | Villager (Male) |
| 13:08 | Crear | Scout Cavalry |
| 13:19 | Construir | Farm |
| 14:11 | Crear | Villager (Male) |
| 14:12 | Crear | Scout Cavalry |
| 14:18 | Construir | Blacksmith |
| 14:19 | Crear | Villager (Male) |
| 14:19 | Crear | Villager (Male) |
| 14:41 | Construir | Mining Camp |
| 15:04 | Investigar | Scale Barding Armor |
| 15:07 | Construir | House |
| 15:10 | Construir | Palisade Wall |
| 15:13 | Construir | Palisade Wall |
| 15:15 | Crear | Villager (Male) |
| 15:28 | Crear | Villager (Male) |
| 15:30 | Crear | Scout Cavalry |
| 15:34 | Construir | Farm |
| 15:34 | Construir | Farm |
| 16:18 | Crear | Villager (Male) |
| 16:18 | Crear | Villager (Male) |
| 16:22 | Investigar | Wheelbarrow |
| 16:52 | Crear | Villager (Male) |
| 17:29 | Construir | Farm |
| 17:34 | Construir | Farm |
| 17:34 | Construir | Farm |
| 17:34 | Construir | Farm |
| 17:34 | Construir | Farm |
| 17:35 | Construir | Farm |
| 18:05 | Crear | Villager (Male) |
| 18:16 | Investigar | Gold Mining |
| 18:24 | Construir | Farm |
| 18:24 | Construir | Farm |
| 18:25 | Construir | Farm |
| 18:31 | Construir | Farm |
| 18:41 | Construir | Market |
| 18:44 | Crear | Villager (Male) |
| 19:13 | Crear | Villager (Male) |
| 19:30 | Construir | House |
| 19:31 | Construir | House |
| 19:32 | Construir | House |
| 19:41 | Crear | Villager (Male) |
| 19:58 | Investigar | Castle Age |
| 20:20 | Construir | Archery Range |
| 20:24 | Investigar | Fletching |
| 21:00 | Investigar | Bloodlines |
| 21:07 | Investigar | Padded Archer Armor |
| 21:09 | Investigar | Forging |
| 21:20 | Crear | Skirmisher |
| 21:20 | Crear | Skirmisher |
| 21:21 | Crear | Skirmisher |
| 21:47 | Construir | Archery Range |
| 21:51 | Crear | Skirmisher |
| 22:39 | Crear | Skirmisher |
| 22:43 | Crear | Skirmisher |
| 22:44 | Crear | Skirmisher |
| 22:46 | Edad | Edad de los Castillos |
| 22:51 | Investigar | Bodkin Arrow |
| 22:54 | Investigar | Elite Skirmisher (upgrade) |
| 22:59 | Crear | Unit 1944 |
| 23:00 | Crear | Unit 1944 |
| 23:11 | Investigar | Chain Barding Armor |
| 23:16 | Crear | Skirmisher |
| 23:22 | Crear | Villager (Male) |
| 23:22 | Crear | Villager (Male) |
| 23:23 | Crear | Villager (Male) |
| 23:24 | Crear | Villager (Male) |
| 23:45 | Construir | House |
| 23:52 | Crear | Skirmisher |
| 23:53 | Crear | Skirmisher |
| 23:58 | Crear | Unit 1944 |
| 24:02 | Crear | Unit 1944 |
| 24:26 | Crear | Skirmisher |
| 24:27 | Crear | Skirmisher |
| 24:28 | Crear | Villager (Male) |
| 24:31 | Crear | Unit 1944 |
| 24:52 | Crear | Villager (Male) |
| 25:03 | Crear | Skirmisher |
| 25:03 | Crear | Skirmisher |
| 25:04 | Crear | Villager (Male) |
| 25:24 | Crear | Villager (Male) |
| 25:46 | Construir | Town Center |
Cronología de la partida
| 8:47 | veiovis · first_building Barracks |
| 9:53 | veiovis · age_up feudal |
| 9:54 | crewza523 · first_building Barracks |
| 9:57 | veiovis · first_building Stable |
| 10:09 | crewza523 · age_up feudal |
| 10:42 | crewza523 · first_building Archery Range |
| 11:47 | veiovis · wall_segment Palisade Wall x7 |
| 12:40 | crewza523 · wall_segment Palisade Wall x8 |
| 13:16 | crewza523 · wall_segment Palisade Wall x1 |
| 13:19 | crewza523 · wall_segment Palisade Wall x9 |
| 15:10 | veiovis · wall_segment Palisade Wall x6 |
| 15:13 | veiovis · wall_segment Palisade Wall x4 |
| 16:28 | crewza523 · wall_segment Palisade Wall x1 |
| 16:32 | crewza523 · wall_segment Palisade Wall x1 |
| 16:39 | crewza523 · wall_segment Palisade Wall x1 |
| 19:28 | crewza523 · wall_segment Palisade Wall x1 |
| 20:20 | veiovis · first_building Archery Range |
| 21:31 | crewza523 · age_up castle |
| 22:46 | veiovis · age_up castle |
| 25:45 | crewza523 · first_building Siege Workshop |
| 31:52 | crewza523 · wall_segment Palisade Wall x1 |
| 33:17 | veiovis · first_building Castle |
| 34:31 | crewza523 · age_up imperial |
| 34:50 | veiovis · first_market_sell 500 wood |
| 34:52 | veiovis · first_market_buy 500 food |
| 35:24 | veiovis · first_building Siege Workshop |
| 38:15 | crewza523 · first_market_sell 100 food |
| 38:23 | veiovis · age_up imperial |
| 41:07 | crewza523 · resign |
[ ANÁLISIS IA · 1 CRÉDITO ]
¿Qué pasó realmente en esta partida?
Wolo.gg analiza cada decisión: build order, eco, micro, errores típicos por bracket. Análisis personalizado por WhatsApp o Discord en 30 segundos.
Guía civ
Etíopes
Guía mapa
Arabia
Perfil
Jugador #1974813